 Dungeon Crawl Stone Soup version 0.30-a0-1074-g5db6f66fbb (webtiles) character file.

Game seed: 7900262536065828148

333 bmack86 the Chopper (level 6, 0/55 HPs)
             Began as a Minotaur Fighter on Apr 13, 2023.
             Slain by an adder (3 damage)
             ... in a sewer.
             The game lasted 00:07:26 (2117 turns).

bmack86 the Chopper (Minotaur Fighter)              Turns: 2117, Time: 00:07:27

Health: 0/55       AC:  7    Str: 29    XL:     6   Next: 27%
Magic:  5/5        EV:  9    Int:  5    God:
Gold:   139        SH:  5    Dex:  9    Spells: 5/5 levels left

rFire   . . .      SeeInvis .    a - +1 war axe
rCold   + . .      Faith    .    c - +1 buckler
rNeg    . . .      Spirit   .    b - +0 scale mail
rPois   .          Reflect  .    (helmet restricted)
rElec   .          Rampage  .    (no cloak)
rCorr   .                        (no gloves)
Will    .....                    (no boots) Stlth
                                 (no amulet)
HPRegen 0.29/turn                l - ring of protection from cold
MPRegen 0.09/turn                h - +6 ring of strength

@: mighty, very slow
A: horns 2, retaliatory headbutt
a: no special abilities


You were in a sewer.
You visited 1 branch of the dungeon, and saw 3 of its levels.
You also visited: Sewer.

You collected 139 gold pieces.

Inventory:

Hand Weapons
 a - a +1 war axe (weapon)
Missiles
 j - 3 javelins
 n - 6 boomerangs (quivered)
Armour
 b - a +0 scale mail (worn)
 c - a +1 buckler (worn)
Jewellery
 h - a +6 ring of strength (right hand)
 l - a ring of protection from cold (left hand)
Scrolls
 e - 3 scrolls of teleportation
 p - a scroll of fear
Potions
 d - a potion of might
 f - a potion of invisibility {unknown}
 g - 3 potions of curing {unknown}
 i - a potion of ambrosia {unknown}
 k - a potion of berserk rage {unknown}
 m - a potion of degeneration {unknown}
 o - a potion of mutation {unknown}


   Skills:
 + Level 4.8 Fighting
 * Level 5.2 Axes
 + Level 2.0 Throwing
 + Level 4.8 Armour
 + Level 4.7 Shields


You had 5 spell levels left.
You didn't know any spells.
Your spell library was empty.

Dungeon Overview and Level Annotations

Branches:
Dungeon (3/15)              Sewer (1/1)

Altars:
Zin

Shops:
D:1 :


Innate Abilities, Weirdness & Mutations

You have a pair of horns on your head.
You reflexively headbutt those who attack you in melee.


Message History

You hit the adder.
The adder is lightly wounded.
You miss the adder. You closely miss the bullfrog.
You barely miss the bullfrog.
You feel sick. The bullfrog misses you. The bullfrog hits you.
* * * LOW HITPOINT WARNING * * *
The adder closely misses you.
The bullfrog snags a nearby butterfly with its tongue.
The bullfrog hits you.
* * * LOW HITPOINT WARNING * * *
The bullfrog closely misses you. You block the adder's attack.
The adder bites you but does no damage.
You feel very mighty all of a sudden.
You feel sick. The bullfrog hits you.
* * * LOW HITPOINT WARNING * * *
You block the bullfrog's attack. The adder closely misses you.
The bullfrog closely misses you. You furiously retaliate!
You headbutt the bullfrog! You block the bullfrog's attack.
The adder misses you. The adder closely misses you.
You miss the adder. Your headbutt misses the adder.
The adder is lightly wounded.
You miss the bullfrog. You closely miss the bullfrog. You miss the adder.
You feel sick.
You are no longer poisoned.
You block the bullfrog's attack. The bullfrog barely misses you.
You furiously retaliate!
You headbutt the bullfrog!
You kill the bullfrog!
The adder bites you but does no damage. x2; The bullfrog closely misses you.
You furiously retaliate!
You headbutt the bullfrog!
You kill the bullfrog!
The adder bites you but does no damage.
Your Axes skill increases to level 5!
Your Throwing skill increases to level 2!
You have reached level 6!
You closely miss the adder. Your headbutt misses the adder. You hit the adder.
The adder bites you but does no damage. x3
Your unstable footing causes you to fumble your attack.
The adder barely misses you. The adder bites you but does no damage.
The adder bites you.
You die...

#≈~~~~≈#
#~≈~≈≈
#≈≈~~≈≈#
#~~≈~≈
#~#~≈≈≈#
##~~.~
#≈~≈~≈≈#
#≈.)..
#≈.~≈≈≈#
##~~..
#~.≈≈≈≈#
#≈≈≈~~
#~~≈~≈≈#
#≈≈≈~~
#≈#~≈~≈#
#≈~~~~
#≈@†~~≈#
#~≈~~≈
#SS≈~~≈#
#~~≈≈≈
#~≈~~~~#
#~~~≈≈
#~~~≈~≈#
#~~~~~
#..~...#
##.~..
#......#
#.....
#......#
##....
#......+
#....
##...


You could see 2 adders.

Vanquished Creatures
  2 bullfrogs (Sewer)
  4 gnolls (D:2)
  3 river rats (Sewer)
  7 adders
  2 dart slugs
  3 bats
  5 endoplasms
  3 giant cockroaches (D:1)
  7 hobgoblins
  7 kobolds
  A quokka (D:1)
  13 ball pythons
  2 frilled lizards
  4 goblins
  25 rats
88 creatures vanquished.

Notes
Turn   | Place    | Note
-------+----------+-------------------------------------------
     0 | D:1      | bmack86 the Minotaur Fighter began the quest for the Orb.
     0 | D:1      | Reached XP level 1. HP: 19/19 MP: 0/0
    78 | D:1      | Reached XP level 2. HP: 12/27 MP: 1/1
   224 | D:1      | Reached skill level 3 in Axes
   462 | D:1      | Found Joleonah's Vocational Training.
   632 | D:2      | Reached XP level 3. HP: 29/33 MP: 2/2
   857 | D:2      | Reached XP level 4. HP: 12/40 MP: 3/3
  1079 | D:2      | Found a faded altar of an unknown god.
  1079 | D:2      | Noticed a balrug
  1355 | D:2      | Reached skill level 4 in Axes
  1561 | D:2      | Found a glowing silver altar of Zin.
  1656 | D:3      | Reached skill level 1 in Throwing
  1689 | D:3      | Found a glowing drain.
  1705 | Sewer    | Entered a sewer
  1745 | Sewer    | Reached XP level 5. HP: 42/47 MP: 4/4
  2114 | Sewer    | HP: 2/47 [bullfrog (1)]
  2116 | Sewer    | Reached skill level 5 in Axes
  2116 | Sewer    | Reached XP level 6. HP: 2/55 MP: 5/5
  2117 | Sewer    | Slain by an adder

Illustrated notes

Levels and vault maps discovered:
D:1:      sevenhm_arrival_forest_fort_large_4, layout_rooms,
          nicolae_shop_vocational
D:2:      wander_river, layout_loops_corners, basic_altar,
          dreamdust_ecumenical_altar_sealed_demon, minmay_misc_feat_more_columns
D:3:      minmay_octagon_keep, layout_loops_ring, okawaru_ov_weapons_minmay,
          portal_sewer_entry_d, minmay_crystal_room, minmay_misc_feat_pillars,
          nicolae_hexahallways, grunt_decor_junction
Sewer:    sewer_minmay_w

Skill      XL: |  1  2  3  4  5 |
---------------+----------------+-----
Axes           | 3 4 5 |  5.2
Armour         | 4 |  4.8
Fighting       | 4 |  4.8
Shields        | 4 |  4.7
Throwing       | 1 2 |  2.0

Action                     |  1- 3 |  4- 6 || total
---------------------------+-------+-------++-------
  Melee: War axe           |    67 |   101 ||   168
         Headbutt          |    10 |     8 ||    18
  Throw: Boomerang         |       |     4 ||     4
    Use: Scroll            |     6 |       ||     6
         Potion            |       |     1 ||     1
 Armour: Scale mail        |    30 |    90 ||   120
  Dodge: Dodged            |    27 |    75 ||   102
  Block: Buckler           |    15 |    59 ||    74

Table legend: (Time is in decaauts)
 A = Elapsed time spent in this place.
 B = Non-inter-level travel time spent in this place.
 C = Inter-level travel time spent in this place.
 D = Time resting spent in this place.
 E = Time spent auto-exploring this place.
 F = Levels seen in this place.
 G = Mean time per level.
                   A        B        C        D        E       F      G
               +--------+--------+--------+--------+--------+-----+--------+
         Total |   2262 |   2207 |     55 |     60 |   1184 |   4 |  565.5 |
       Dungeon |   1760 |   1705 |     55 |      0 |   1137 |   3 |  586.7 |
         Sewer |    502 |    502 |      0 |     60 |     46 |   1 |  502.0 |
               +--------+--------+--------+--------+--------+-----+--------+

Top non-repeatable levels by time:
     D:2: 1096 daAuts
     D:1: 595 daAuts
   Sewer: 502 daAuts
     D:3: 67 daAuts
